 Dungeon Crawl Stone Soup version 0.28-a0-1199-gef9e1dbd39 (webtiles) character file.

Game seed: 4282120100954074042

20 bearlyready the Sneak (level 2, 0/26 HPs)
             Began as a Minotaur Delver on Dec 20, 2021.
             Slain by a gnoll (4 damage)
             ... on level 1 of the Dungeon.
             The game lasted 00:02:47 (669 turns).

bearlyready the Sneak (Minotaur Delver)              Turns: 669, Time: 00:02:48

Health: 0/26       AC:  4    Str: 16    XL:     2   Next: 58%
Magic:  1/1        EV: 11    Int:  7    God:
Gold:   26         SH:  0    Dex: 11    Spells: 1/1 levels left

rFire   . . .      SeeInvis .   a - +0 falchion
rCold   . . .      Faith    .   (no shield)
rNeg    . . .      Spirit   .   b - +0 leather armour
rPois   .          Reflect  .   (helmet restricted)
rElec   .          Harm     .   (no cloak)
rCorr   .          Rampage  .   i - +0 pair of gloves
Will    .....                   (no boots)
Stlth   ++........              (no amulet)
HPRegen 0.08/turn               (no ring)
MPRegen 0.07/turn               (no ring)

@: no status effects
A: horns 2, retaliatory headbutt
a: no special abilities


You were on level 1 of the Dungeon.
You visited 1 branch of the dungeon, and saw 5 of its levels.

You collected 26 gold pieces.

Inventory:

Hand Weapons
 a - a +0 falchion (weapon)
Armour
 b - a +0 leather armour (worn)
 f - a +1 kite shield of positive energy
 i - a +0 pair of gloves (worn)
Wands
 g - a wand of digging (3)
Scrolls
 c - a scroll of fog
 d - a scroll of magic mapping
 e - 2 scrolls of fear
 h - 3 scrolls of identify {unknown}


   Skills:
 - Level 3.6 Fighting
 + Level 4.0 Long Blades
 - Level 2.1 Dodging
 - Level 4.1 Stealth


You had one spell level left.
You didn't know any spells.
Your spell library contained the following spells:

 Spells                   Type           Power      Damage    Failure   Level
 Passwall                 Tmut/Erth      0%         N/A       65%         2
 Swiftness                Air            0%         N/A       86%         3


Dungeon Overview and Level Annotations

Branches:
Dungeon (5/15)
 Temple: D:4-7

Altars:


Innate Abilities, Weirdness & Mutations

You have a pair of horns on your head.
You reflexively headbutt those who attack you in melee.


Message History

You start putting on your armour.
You continue putting on your +0 pair of gloves. x4
You finish putting on your +0 pair of gloves.
You enter the shallow water.
Moving in this stuff is going to be slow.
There is an open door here.
A goblin comes into view. It is wielding a +0 club.
The goblin shouts!
The endoplasm quivers.
The gnoll shouts!
You hit the endoplasm. You headbutt the endoplasm.
You kill the endoplasm!
You closely miss the goblin. The goblin closely misses you.
You slash the goblin!
You kill the goblin!
The gnoll throws a poisoned dart.
The poisoned dart hits you!
You are poisoned.
Your Long Blades skill increases to level 4!
You feel sick.
You see here a +0 club.
You barely miss the gnoll.
You feel sick. The gnoll barely misses you.
You barely miss the gnoll.
You feel sick. The gnoll hits you with a +0 flail!
You slash the gnoll! Your headbutt misses the gnoll.
The gnoll is heavily wounded.
You feel sick. The gnoll hits you with a +0 flail!
* * * LOW HITPOINT WARNING * * *
You closely miss the gnoll.
The gnoll is heavily wounded.
You feel sick. The gnoll barely misses you.
You aren't carrying any potions.
Unknown command.
You hit the gnoll but do no damage.
The gnoll is heavily wounded.
You feel sick.
You are no longer poisoned.
The gnoll completely misses you.
You hit the gnoll.
The gnoll is severely wounded.
The gnoll hits you with a +0 flail.
You die...

####.##...#b# . #
#...#.#... #.......#..
#...#...#.## # #######
#...#...# ##. ≈≈≈≈≈≈#
............
P≈≈PP≈#####.##...#.###
♣≈≈PP≈#........g.....#
♣≈≈.♣≈#.###.####@#
P≈≈♣♣≈#.# #.# #.#
.≈≈P.≈#.# #.# #.#
♣≈≈P♣≈#.###.####.######
♣≈≈P♣≈#.................
≈≈≈♣♣≈#.###.####.#######
..≈P♣≈#.# #.# #.#
#.≈≈≈≈#.# #.# #.#
#.....'.# #.# #.#


You could see a gnoll.

Vanquished Creatures
  A gnoll (D:2)
  An endoplasm (D:1)
  2 giant cockroaches (D:2)
  2 goblins
  A hobgoblin (D:1)
  A ball python (D:1)
  A frilled lizard (D:2)
9 creatures vanquished.

Notes
Turn   | Place    | Note
-------+----------+-------------------------------------------
     0 | D:5      | bearlyready the Minotaur Delver began the quest for the
                  | Orb.
     0 | D:5      | Reached XP level 1. HP: 19/19 MP: 0/0
    28 | D:5      | Noticed an iguana
   152 | D:2      | Reached XP level 2. HP: 26/26 MP: 1/1
   187 | D:1      | HP: 1/26 [gnoll (10)]
   669 | D:1      | Slain by a gnoll

Illustrated notes

Levels and vault maps discovered:
D:1:      lightli_arrival_farm, layout_basic
D:2:      kennysheep_big_flooded_room, layout_rooms,
          shapermc_ecumenical_altar_pompeii
D:3:      layout_basic
D:4:      layout_loops_ring, minmay_temple_entry_enclosed_plants,
          serial_co_window_serial, co_window_cross_1, co_window_paths_b,
          co_window_paths_b, co_window_cross_1, co_window_of_opportunity_a,
          co_window_corner_cb, co_window_unsneaky_path_e, co_window_corner_b,
          co_window_unsneaky_path_a, co_window_corner_b, co_window_paths_d,
          co_window_paths_e, glass_columns_a, glass_columns_a
D:5:      layout_basic

Skill      XL: |  1  2 |
---------------+-------+-----
Long Blades    | 3 4 |  4.0
Fighting       | |  3.6
Dodging        | |  2.1
Stealth        | |  4.1

Action                   || total
-------------------------++-------
Melee: Falchion          ||    28
       Headbutt          ||     7
  Use: Potion            ||     1
Armor: Leather armour    ||     1
Dodge: Dodged            ||    16

Table legend: (Time is in decaauts)
 A = Elapsed time spent in this place.
 B = Non-inter-level travel time spent in this place.
 C = Inter-level travel time spent in this place.
 D = Time resting spent in this place.
 E = Time spent auto-exploring this place.
 F = Levels seen in this place.
 G = Mean time per level.
                   A        B        C        D        E       F      G
               +--------+--------+--------+--------+--------+-----+--------+
         Total |    680 |    664 |     16 |    266 |    235 |   5 |  136.0 |
       Dungeon |    680 |    664 |     16 |    266 |    235 |   5 |  136.0 |
               +--------+--------+--------+--------+--------+-----+--------+

Top non-repeatable levels by time:
     D:1: 440 daAuts
     D:2: 177 daAuts
     D:5: 51 daAuts
     D:4: 6 daAuts
     D:3: 3 daAuts
